 Dungeon Crawl Stone Soup version 0.26-a0-1079-g3a4175ecf3 (webtiles) character file.

Game seed: 13798767440745591169

1805 rooneyua the Fighter (level 8, -5/78 HPs)
             Began as a Minotaur Berserker on Dec 14, 2020.
             Was an Elder of Trog.
             Slain by Joseph
             ... wielding a +1 spectral quarterstaff
              (8 damage)
             ... on level 7 of the Dungeon.
             The game lasted 01:05:27 (6599 turns).

rooneyua the Fighter (Minotaur Berserker)           Turns: 6599, Time: 01:05:28

Health: -5/78      AC: 12    Str: 24    XL:     8   Next: 84%
Magic:  7/7        EV: 10    Int:  4    God:    Trog [****..]
Gold:   345        SH:  0    Dex: 10    Spells: 7/7 levels left

rFire    + . .     SeeInvis .   a - +0 hand axe
rCold    . . .     Faith    .   (no shield)
rNeg     . . .     Spirit   .   x - +0 chain mail
rPois    .         Reflect  .   (helmet restricted)
rElec    .         Harm     .   (no cloak)
rCorr    .         Rampage  .   (no gloves)
Will     .....                  c - +1 pair of boots {Stlth+}
Stlth    ..........             (no amulet)
HPRegen  0.23/turn              (no ring)
MPRegen  0.10/turn              f - ring of protection from fire

@: no status effects
A: retaliatory headbutt, horns 2
a: Berserk, Trog's Hand, Brothers in Arms, Renounce Religion


You were on level 7 of the Dungeon.
You worshipped Trog.
Trog was greatly pleased with you.
You visited 1 branch of the dungeon, and saw 7 of its levels.

You collected 345 gold pieces.

Inventory:

Hand Weapons
 a - a +0 hand axe (weapon)
Armour
 c - a +1 pair of boots of stealth (worn)
 x - a +0 chain mail (worn)
Jewellery
 f - a ring of protection from fire (right hand)
 i - an uncursed ring of magical power
Wands
 t - a wand of random effects (16)
 u - a wand of polymorph (7)
 z - a wand of iceblast (6)
Scrolls
 d - 3 scrolls of noise
 g - 7 scrolls of identify
 h - 3 scrolls of immolation
 j - 3 scrolls of teleportation
 k - 2 scrolls of magic mapping
 m - 4 scrolls of remove curse
 p - 2 scrolls of enchant weapon {unknown}
 y - a scroll of blinking {unknown}
Potions
 b - 2 potions of curing {unknown}
 e - a potion of haste {unknown}
 l - 2 potions of degeneration {unknown}
 n - 2 potions of brilliance {unknown}
 o - 2 potions of berserk rage {unknown}
 q - 4 potions of lignification {unknown}
 r - a potion of resistance {unknown}
 s - 2 potions of attraction {unknown}
 v - 3 potions of flight {unknown}
 w - a potion of might {unknown}
 A - a potion of magic {unknown}


   Skills:
 * Level 9.4 Fighting
 + Level 7.1 Axes
 + Level 6.5 Armour
 + Level 5.9 Dodging


You had 7 spell levels left.
You didn't know any spells.
Your spell library was empty.

Dungeon Overview and Level Annotations

Branches:
Dungeon (7/15)             Temple (0/1) D:7

Altars:
Cheibriados
Elyvilon
Fedhas
Hepliaklqana
Makhleb
Ru
Vehumet
Xom
Yredelemnul
Zin
The Shining One

Shops:
D:7 }

Annotations:
D:7 Joseph


Innate Abilities, Weirdness & Mutations

You reflexively headbutt those who attack you in melee.
You have a pair of horns on your head.


Message History

You hit Joseph but do no damage. You headbutt Joseph!
Joseph is almost dead.
You miss the spectral weapon. The spectral weapon hits you!
* * * LOW HITPOINT WARNING * * *
Joseph barely misses you.
The spectral weapon completely misses you.
You furiously retaliate!
You headbutt the spectral weapon!
Joseph shares his spectral weapon's damage!
As you read the scroll of teleportation, it crumbles to dust.
You feel strangely unstable.
Joseph hits you with a +1 spectral quarterstaff!
* * * LOW HITPOINT WARNING * * *
The spectral weapon hits you but does no damage.
Unknown command.
Joseph hits you but does no damage.
The spectral weapon hits you but does no damage.
As you read the scroll of teleportation, it crumbles to dust.
You feel strangely stable.
Joseph hits you with a +1 spectral quarterstaff!
You die...

#.##........##..##......
#......#.........#......
#......#.........#......
#......#.........#.....#
#......##...##...#..#...
#########'####......#...
#......##<..##.....###..
......@.'(..(#..........
......(@#........#.....#
........#......###..>..#
#...##.#######...#.....#
#.. #. #...รทรท.........
.. .. #.........###..
.........
#..........#...
.........
#..........#...
.........
#(...>......).. ###....
#.....###'#.###


You could see Joseph and a +1 spectral quarterstaff (summoned).

Vanquished Creatures
  Grinder (D:4)
  Edmund (D:4)
  Duvessa (D:4)
  2 ice beasts
  An ogre (D:4)
  A centaur (D:6)
  Blork the orc (D:6)
  2 bullfrogs
  Dowan (D:4)
  2 scorpions (D:4)
  A water moccasin skeleton (D:6)
  An orc priest (D:5)
  2 hounds
  A jelly (D:6)
  An orc wizard (D:7)
  2 bullfrog skeletons
  Natasha (thrice) (D:2)
  An iguana (D:4)
  2 worker ants (D:4)
  A worker ant zombie (D:7)
  Robin (D:4)
  12 adders
  2 white imps
  3 ufetubi
  2 oozes
  An adder zombie (D:5)
  An adder skeleton (D:4)
  2 worms
  3 dart slugs
  4 leopard geckos
  10 orcs
  2 ball pythons (D:2)
  8 bats
  3 giant cockroaches
  10 goblins
  10 hobgoblins
  18 jackals
  A quokka (D:3)
  5 frilled lizards
  14 kobolds
  10 rats
150 creatures vanquished.

Vanquished Creatures (others)
  9 plants (D:2)
9 creatures vanquished.

Grand Total: 159 creatures vanquished

Notes
Turn   | Place    | Note
-------+----------+-------------------------------------------
     0 | D:1      | rooneyua the Minotaur Berserker began the quest for the
                  | Orb.
     0 | D:1      | Reached XP level 1. HP: 19/19 MP: 0/0
   247 | D:1      | Reached XP level 2. HP: 22/27 MP: 1/1
   259 | D:1      | Reached skill level 4 in Fighting
   925 | D:1      | Reached XP level 3. HP: 23/33 MP: 2/2
   930 | D:1      | Reached ** piety under Trog
  1589 | D:2      | Found a radiant altar of Vehumet.
  1738 | D:2      | Reached XP level 4. HP: 41/41 MP: 3/3
  1815 | D:2      | Noticed Natasha
  1827 | D:2      | Killed Natasha
  1902 | D:2      | Reached skill level 5 in Fighting
  2182 | D:2      | Noticed an ice beast
  2193 | D:2      | Killed an ice beast
  2194 | D:2      | Reached XP level 5. HP: 31/49 MP: 4/4
  2409 | D:2      | Found a glowing silver altar of Zin.
  2451 | D:2      | Found a faded altar of an unknown god.
  2542 | D:2      | Noticed Natasha
  2548 | D:2      | Killed Natasha
  2550 | D:2      | Found a white marble altar of Elyvilon.
  2792 | D:2      | Noticed Natasha
  2795 | D:2      | Killed Natasha
  2796 | D:2      | Reached XP level 6. HP: 36/57 MP: 5/5
  3091 | D:3      | Reached skill level 6 in Fighting
  3128 | D:3      | Reached *** piety under Trog
  3131 | D:3      | Found a blossoming altar of Fedhas.
  3359 | D:4      | Noticed Duvessa
  3359 | D:4      | Noticed Dowan
  3380 | D:4      | Killed Duvessa
  3381 | D:4      | Reached skill level 5 in Axes
  3383 | D:4      | Killed Dowan
  3558 | D:4      | Reached XP level 7. HP: 53/64 MP: 6/6
  3643 | D:4      | Noticed Edmund
  3656 | D:4      | Killed Edmund
  3657 | D:4      | Reached skill level 7 in Fighting
  3726 | D:4      | Reached skill level 5 in Armour
  3986 | D:4      | Noticed Robin
  4007 | D:4      | Killed Robin
  4225 | D:4      | Lost intelligence.
  4440 | D:4      | Noticed Grinder
  4448 | D:4      | Paralysed by Grinder for 3 turns
  4453 | D:4      | Paralysed by Grinder for 5 turns
  4462 | D:4      | Paralysed by Grinder for 3 turns
  4466 | D:4      | Killed Grinder
  4467 | D:4      | Reached skill level 8 in Fighting
  4467 | D:4      | Reached skill level 5 in Dodging
  4467 | D:4      | Reached XP level 8. HP: 37/74 MP: 7/7
  4732 | D:5      | Entered Level 5 of the Dungeon
  4805 | D:5      | Found a shimmering altar of Xom.
  4806 | D:5      | Found a basalt altar of Yredelemnul.
  4832 | D:5      | Found a burning altar of Makhleb.
  4871 | D:5      | Found a glowing golden altar of the Shining One.
  4874 | D:5      | Reached **** piety under Trog
  5006 | D:5      | Found a hazy altar of Hepliaklqana.
  5109 | D:5      | Found a sacrificial altar of Ru.
  5123 | D:5      | Got a translucent scale mail
  5185 | D:5      | Found a snail-covered altar of Cheibriados.
  5991 | D:6      | Reached skill level 9 in Fighting
  6143 | D:6      | Noticed Blork the orc
  6159 | D:6      | Killed Blork the orc
  6297 | D:7      | Found a staircase to the Ecumenical Temple.
  6370 | D:7      | Found Jael's Gadget Boutique.
  6582 | D:7      | Noticed Joseph
  6597 | D:7      | HP: 2/78 [Joseph/+1 spectral quarterstaff (9)]
  6599 | D:7      | Slain by Joseph

Illustrated notes

Levels and vault maps discovered:
D:1:      eino_arrival_water_star, layout_basic, hex_intersection
D:2:      layout_basic, old_standard_altar, vehumet_crystals,
          old_standard_altar, chequers_ecumenical_altar_lobes, uniq_natasha
D:3:      layout_basic, marbit_many_paths
D:4:      layout_basic, uniq_robin, uniq_duvessa, uniq_edmund, uniq_grinder
D:5:      layout_loops_cross, general_overflow_altar, lemuel_doored_altar,
          lemuel_coloured_pillars_altar, old_standard_altar,
          gammafunk_temple_overflow_pools, nicolae_overflow_crystal_walls
D:6:      layout_basic, wad_floor_pattern_1, kennysheep_nub, uniq_blork_the_orc
D:7:      layout_gridville, minmay_temple_entry_tees, serial_shops, shop,
          minmay_a_box_with_orc_wizards_in_it, uniq_joseph

Skill      XL: |  1  2  3  4  5  6  7  8 |
---------------+-------------------------+-----
Fighting       | 4 5 6 8 9 |  9.4
Axes           | 4 5 6 7 |  7.1
Armour         | 3 4 5 6 |  6.5
Dodging        | 3 4 5 |  5.9

Action                   |  1- 3 |  4- 6 |  7- 9 || total
-------------------------+-------+-------+-------++-------
Melee: Hand axe          |    70 |   126 |   214 ||   410
       Headbutt          |    10 |    24 |    45 ||    79
  Use: Scroll            |       |       |    11 ||    11
 Stab: Sleeping          |     1 |       |       ||     1
Armor: Animal skin       |     6 |       |       ||     6
       Leather armour    |     8 |     9 |       ||    17
       Ring mail         |       |     4 |       ||     4
       Scale mail        |       |    48 |    60 ||   108
       Chain mail        |       |       |    58 ||    58
Dodge: Dodged            |    57 |    83 |   122 ||   262

Table legend: (Time is in decaauts)
 A = Elapsed time spent in this place.
 B = Non-inter-level travel time spent in this place.
 C = Inter-level travel time spent in this place.
 D = Time resting spent in this place.
 E = Time spent auto-exploring this place.
 F = Levels seen in this place.
 G = Mean time per level.
                   A        B        C        D        E       F      G
               +--------+--------+--------+--------+--------+-----+--------+
         Total |   7410 |   7365 |     45 |    876 |   4748 |   7 | 1058.6 |
       Dungeon |   7410 |   7365 |     45 |    876 |   4748 |   7 | 1058.6 |
               +--------+--------+--------+--------+--------+-----+--------+

Top non-repeatable levels by time:
     D:4: 1627 daAuts
     D:2: 1600 daAuts
     D:1: 1341 daAuts
     D:5: 1117 daAuts
     D:6: 914 daAuts
     D:3: 446 daAuts
     D:7: 361 daAuts
